 Dungeon Crawl Stone Soup version 0.20-a0-501-g0de2c2e (webtiles) character file.

49 Amnesiac the Vexing (level 3, -1/24 HPs)
             Began as a Mummy Enchanter on Jan 19, 2017.
             Slain by a bullfrog (3 damage)
             ... in a sewer.
             The game lasted 00:04:11 (1623 turns).

Amnesiac the Vexing (Mummy Enchanter)               Turns: 1623, Time: 00:04:12

Health: -1/24      AC:  2    Str: 11    XL:     3   Next: 53%
Magic:  2/8        EV: 12    Int: 15    God:
Gold:   22         SH:  0    Dex: 12    Spells: 3/9 levels left

rFire    x . .     SeeInvis .   d - +0 trident (curse)
rCold    + . .     Gourm    .   b - +0 robe
rNeg     + + +     Faith    .   (no shield)
rPois    ∞         Spirit   .   (no helmet)
rElec    .         Reflect  .   (no cloak)
rCorr    .         Harm     .   (no gloves)
MR       .....                  (no boots)
Stlth    +.........             (no amulet)
Regen    0.1/turn               (no ring)
                                (no ring)

@: very slightly contaminated
A: no food or potions, fire vulnerability, cold resistance 1, negative energy
resistance 3, torment resistance, unbreathing
a: no special abilities


You were in a sewer.
You were not hungry.

You visited 1 branch of the dungeon, and saw 3 of its levels.
You also visited: Sewer.

You collected 22 gold pieces.

Inventory:

Hand Weapons
 a - a +1 dagger
 d - a cursed +0 trident (weapon)
Armour
 b - a +0 robe (worn)
Books
 c - a book of Maledictions

   Spells                             Type                      Level
   a - Corona                         Hexes                        1
   b - Ensorcelled Hibernation        Hexes/Ice                    2
   c - Confuse                        Hexes                        3
   d - Tukima's Dance                 Hexes                        3
   e - Dazzling Spray                 Conjuration/Hexes            3


   Skills:
 - Level 1.2 Short Blades
 - Level 1.5 Dodging
 - Level 2.4 Stealth
 + Level 3.5 Spellcasting
 * Level 3.5 Hexes


You had 3 spell levels left.
You knew the following spells:

 Your Spells              Type           Power        Failure   Level  Hunger
e - Confuse               Hex            ##......     17%         3    N/A
f - Corona                Hex            ##.....      6%          1    N/A
z - Ensorcelled Hibernat  Hex/Ice        #.....       14%         2    N/A

Dungeon Overview and Level Annotations

Branches:
Dungeon (3/15)

Altars:


Innate Abilities, Weirdness & Mutations

You do not eat or drink.
Your flesh is vulnerable to fire.
You are immune to poison.
Your flesh is cold resistant. (rC+)
You are immune to negative energy. (rN+++)
You are immune to unholy pain and torment.
You can survive without breathing.


Message History

You can't drink.
You enter the shallow water.
Moving in this stuff is going to be slow.
The bullfrog hits you.
* * * LOW HITPOINT WARNING * * *
Unknown command.
The bullfrog closely misses you. The bullfrog misses you.
The bullfrog closely misses you. The bullfrog closely misses you.
The bullfrog completely misses you.
You enter the shallow water.
Moving in this stuff is going to be slow.
The bullfrog barely misses you. The bullfrog closely misses you.
You enter the shallow water.
Moving in this stuff is going to be slow.
The bullfrog hits you but does no damage.
The bullfrog barely misses you.
The bullfrog hits you but does no damage.
The bullfrog hits you.
You die...

###.≈≈≈.≈≈≈≈≈≈≈≈≈ #.#
.##.≈≈≈.#≈≈≈≈≈≈≈≈ #.#
.##.≈≈≈.#≈≈≈≈≈≈≈≈ #.#
.##.≈≈≈.###≈≈≈≈≈# #.#
≈##.≈≈≈.# ###### #†#
≈##≈≈≈≈.# #.# ≈##≈≈≈≈≈#
#.#
≈##≈≈≈≈≈################.#
≈≈≈≈≈≈≈≈≈...≈.≈F@≈≈≈.....#
≈≈≈≈≈≈≈≈≈≈≈≈≈≈≈≈≈≈≈≈≈≈≈≈.#
≈≈≈≈≈≈≈≈≈≈≈≈≈≈≈≈≈≈≈≈≈≈≈≈.#
≈≈≈≈≈≈≈≈≈≈≈≈≈≈≈≈≈≈≈≈≈≈≈≈.#
.≈..≈.≈≈......≈≈≈≈≈≈≈....#
##########################
# #


You could see a bullfrog.

Vanquished Creatures
  An adder (Sewer)
  An adder zombie (D:1)
  4 leopard geckos
  9 giant cockroaches
  2 hobgoblins (D:1)
  A quokka (D:3)
  5 ball pythons
  4 frilled lizards (Sewer)
  A giant cockroach zombie (D:1)
  2 goblins
  A rat (D:2)
31 creatures vanquished.

Vanquished Creatures (others)
  A giant cockroach (Sewer)
1 creature vanquished.

Grand Total: 32 creatures vanquished

Notes
Turn   | Place    | Note
-------+----------+-------------------------------------------
     0 | D:1      | Amnesiac the Mummy Enchanter began the quest for the Orb.
     0 | D:1      | Reached XP level 1. HP: 13/13 MP: 4/4
    19 | D:1      | Reached skill level 1 in Short Blades
   457 | D:1      | Reached XP level 2. HP: 19/19 MP: 5/5
   506 | D:1      | Learned a level 2 spell: Ensorcelled Hibernation
   707 | D:3      | Found a glowing drain.
   756 | Sewer    | Entered a sewer
  1209 | Sewer    | Reached XP level 3. HP: 24/24 MP: 3/7
  1214 | Sewer    | Learned a level 3 spell: Confuse
  1597 | Sewer    | Noticed a bullfrog
  1613 | Sewer    | HP: 1/24 [bullfrog (4)]
  1623 | Sewer    | Slain by a bullfrog

Vault maps used:
D:1:      saegor_arrival_fortress
D:2:      first_bread
D:3:      lemuel_doored_altar, portal_sewer_entry_f
Sewer:    sewer_frog_island_01

Skill      XL: |  1  2 |
---------------+-------+-----
Short Blades   | 1 |  1.2
Hexes          | 3 |  3.5
Spellcasting   | 3 |  3.5
Dodging        | |  1.5
Stealth        | |  2.4

Action                   || total
-------------------------++-------
Melee: Dagger            ||    33
       Trident           ||    69
 Cast: Corona            ||    30
       Confuse           ||     6
 Stab: Sleeping          ||     2
       Confused          ||     1
Armor: Robe              ||    26
Dodge: Dodged            ||    68
